[Event "ICC tourney 1934 (60 10)"]
[Site "Internet Chess Club"]
[Date "2020.07.26"]
[Round "6"]
[White "NonnaThat"]
[Black "anshulg"]
[Result "1-0"]
[ICCResult "Black resigns"]
[WhiteElo "1711"]
[BlackElo "1519"]
[Opening "Sicilian: Scheveningen variation"]
[ECO "B80"]
[NIC "SI.19"]
[Time "14:03:00"]
[TimeControl "3600+10"]

1. e4 c5 2. Nf3 d6 3. d4 cxd4 4. Nxd4 Nf6 5. Nc3 e6 6. Bg5 Be7 7. f4 Nc6 8.
Bb5 Bd7 9. Nb3 a6 10. Bd3 Nb4 11. Be2 d5 12. e5 Ne4 13. Nxe4 dxe4 14. Bxe7
Qxe7 15. O-O Rd8 16. a3 Ba4 17. Qc1 Bxb3 18. axb4 Bd5 19. c4 Bc6 20. Qc3 O-O
21. Rfd1 Rxd1+ 22. Rxd1 Rd8 23. Rd2 h6 24. c5 Rd7 25. Rd6 Qh4 26. g3 Qh3 27.
Bf1 Qg4 28. Qd4 e3 29. Qxe3 Rxd6 30. cxd6 Qd1 31. Qd3 Qxd3 32. Bxd3 Kf8 33.
Kf2 Ke8 34. Ke3 Kd7 35. Kd4 f5 36. Kc5 g5 37. b5 axb5 38. Bxb5 g4 39. Bxc6+
bxc6 40. b3 h5 41. b4 {Black resigns} 1-0

[Event "ICC tourney 1934 (60 10)"]
[Site "Internet Chess Club"]
[Date "2020.07.26"]
[Round "6"]
[White "rcww2020"]
[Black "kralj8"]
[Result "1-0"]
[ICCResult "Black resigns"]
[WhiteElo "1448"]
[BlackElo "1644"]
[Opening "Danish gambit"]
[ECO "C21"]
[NIC "KP.04"]
[Time "14:02:53"]
[TimeControl "3600+10"]

1. e4 e5 2. d4 exd4 3. c3 Nf6 4. e5 Nd5 5. cxd4 Nc6 6. Bc4 Nb6 7. Bb3 d5 8.
Nf3 Bg4 9. Be3 Be7 10. h3 Bh5 11. g4 Bg6 12. Nc3 Qd7 13. Bg5 Bxg5 14. Nxg5
h6 15. Nf3 O-O-O 16. Rc1 Nb4 17. Kf1 Nd3 18. Rc2 Nf4 19. Rd2 h5 20. Nh4 hxg4
21. Qxg4 Qxg4 22. hxg4 Rh7 23. f3 Rdh8 24. Rdh2 Bd3+ 25. Kf2 g5 26. Kg3 Rxh4
27. Rxh4 Rxh4 28. Rxh4 Ne2+ 29. Nxe2 gxh4+ 30. Kf2 Bxe2 31. Kxe2 Nc4 32. f4
Kd7 33. f5 c6 34. Kf2 Nd2 35. Bc2 Nc4 36. g5 Ke7 37. f6+ Kf8 38. g6 fxg6 39.
Bxg6 Nd2 40. Ke3 Ne4 41. Bxe4 dxe4 42. Kxe4 b6 43. Kf3 c5 44. dxc5 bxc5 45.
Kg4 c4 46. Kxh4 a5 47. a4 Kf7 48. Kg4 Ke6 49. Kf4 Kf7 50. Ke4 Ke6 51. Kd4 c3
52. bxc3 {Black resigns} 1-0

[Event "ICC tourney 1934 (60 10)"]
[Site "Internet Chess Club"]
[Date "2020.07.26"]
[Round "6"]
[White "chessKingR"]
[Black "winner08"]
[Result "0-1"]
[ICCResult "White checkmated"]
[WhiteElo "1432"]
[BlackElo "1645"]
[Opening "Grünfeld: exchange, Spassky variation"]
[ECO "D87"]
[NIC "GI.05"]
[Time "14:02:56"]
[TimeControl "3600+10"]

1. d4 Nf6 2. c4 g6 3. Nc3 d5 4. cxd5 Nxd5 5. e4 Nxc3 6. bxc3 Bg7 7. Bc4 c5
8. Ne2 O-O 9. Be3 Nc6 10. O-O Qc7 11. Rc1 Rd8 12. Qd2 b6 13. Rfd1 Bb7 14. f3
Rac8 15. Qe1 e6 16. Bf4 Qe7 17. e5 Rd7 18. a4 Rcd8 19. Bb5 a6 20. Bd3 cxd4
21. cxd4 Nxd4 22. Qc3 Rc8 23. Qb2 Rxc1 24. Rxc1 Nxf3+ 25. gxf3 Rxd3 26. Qxb6
Bxf3 27. Rc8+ Bf8 28. Bh6 Rd1+ 29. Kf2 Qh4+ 30. Kxf3 Qxh6 31. Qc5 Qh5+ 32.
Ke3 Qg5+ 33. Kf3 Qf5+ 34. Kg2 Qf1+ 35. Kg3 Rd3+ 36. Kg4 Qf5+ 37. Kh4 Qh5#
{White checkmated}
0-1

[Event "ICC tourney 1934 (60 10)"]
[Site "Internet Chess Club"]
[Date "2020.07.26"]
[Round "6"]
[White "Mapking1"]
[Black "keb2020"]
[Result "1-0"]
[ICCResult "Black resigns"]
[WhiteElo "1589"]
[BlackElo "1505"]
[Opening "Pirc defense"]
[ECO "B07"]
[NIC "PU.04"]
[Time "14:03:03"]
[TimeControl "3600+10"]

1. e4 d6 2. d4 Nf6 3. Nc3 g6 4. f3 Bg7 5. Be3 Nc6 6. Qd2 e5 7. Nge2 exd4 8.
Nxd4 Nxd4 9. Bxd4 a6 10. g4 Bd7 11. g5 Nh5 12. Bxg7 Nxg7 13. O-O-O Bc6 14.
h4 Qe7 15. Nd5 Bxd5 16. Qxd5 O-O-O 17. Qd4 Ne6 18. Qa7 Nc5 19. Bh3+ Ne6 20.
Qa8+ Kd7 21. Qxb7 Ra8 22. e5 Rhg8 23. exd6 Qf8 24. dxc7+ {Black resigns} 1-0

[Event "ICC tourney 1934 (60 10)"]
[Site "Internet Chess Club"]
[Date "2020.07.26"]
[Round "6"]
[White "cdj12417489"]
[Black "dabpacman"]
[Result "1/2-1/2"]
[ICCResult "Game drawn by mutual agreement"]
[WhiteElo "1137"]
[BlackElo "1234"]
[Opening "Sicilian: Katalimov variation"]
[ECO "B27"]
[NIC "SI.43"]
[Time "14:03:25"]
[TimeControl "3600+10"]

1. e4 c5 2. Nf3 b6 3. d4 cxd4 4. Nxd4 Bb7 5. Nc3 a6 6. Bd3 e6 7. Be3 Qc7 8.
Qg4 Nf6 9. Qe2 Bb4 10. Bd2 Nc6 11. Nxc6 Qxc6 12. f3 O-O 13. e5 Bxc3 14. Bxc3
Nd5 15. Bd2 f6 16. Qe4 f5 17. Qe2 Ne7 18. Bb4 Rfe8 19. Bc3 Ng6 20. Bd2 Qd5
21. Bc3 Nf4 22. Qd2 g5 23. h4 Nxd3+ {Game drawn by mutual agreement} 1/2-1/2

[Event "ICC tourney 1934 (60 10)"]
[Site "Internet Chess Club"]
[Date "2020.07.26"]
[Round "6"]
[White "clair"]
[Black "ScoutViolet"]
[Result "1-0"]
[ICCResult "Black resigns"]
[WhiteElo "1490"]
[BlackElo "1290"]
[Opening "Queen's pawn, Mason variation"]
[ECO "D00"]
[NIC "QP.08"]
[Time "14:03:07"]
[TimeControl "3600+10"]

1. d4 d5 2. Bf4 Bf5 3. e3 e6 4. c4 Nf6 5. Nc3 Bd6 6. Bxd6 Qxd6 7. Nf3 Nbd7
8. Qb3 b6 9. Nb5 Qc6 10. Rc1 a6 11. Nc3 O-O 12. Be2 Bg4 13. O-O dxc4 14.
Qxc4 Bxf3 15. gxf3 Qd6 16. e4 b5 17. Qd3 Nh5 18. Qe3 Qe7 19. f4 Qh4 20. Bxh5
Qxh5 21. Ne2 Rfc8 22. Rc6 Nf6 23. h3 Qg6+ 24. Ng3 Qh6 25. Kg2 Kh8 26. Rfc1
Ne8 27. d5 Qf6 28. Qa3 h6 29. f5 Nd6 30. dxe6 fxe6 31. Qc5 Qxb2 32. Rc2 Qb1
33. Rxd6 cxd6 34. Qxc8+ Rxc8 35. Rxc8+ Kh7 36. fxe6 {Black resigns} 1-0

[Event "ICC tourney 1934 (60 10)"]
[Site "Internet Chess Club"]
[Date "2020.07.26"]
[Round "6"]
[White "combusken1123"]
[Black "AboardBuffalo"]
[Result "1/2-1/2"]
[ICCResult "Game drawn by mutual agreement"]
[WhiteElo "1491"]
[BlackElo "1571"]
[Opening "Giuoco Piano"]
[ECO "C54"]
[NIC "IG.02"]
[Time "14:02:56"]
[TimeControl "3600+10"]

1. e4 e5 2. Nf3 Nc6 3. Bc4 Bc5 4. c3 Nf6 5. d4 exd4 6. cxd4 Bb4+ 7. Bd2 Nxe4
8. Bxb4 Nxb4 9. Bxf7+ Kxf7 10. Qb3+ d5 11. Ne5+ Ke6 12. Qxb4 c5 13. Qa3 cxd4
14. Nf3 Re8 15. Nxd4+ Kf7 16. O-O Kg8 17. Nc3 Nxc3 18. Qxc3 Be6 19. Rfe1 Qf6
20. Rxe6 Rxe6 21. Nxe6 Qxe6 22. Re1 Qd7 23. h3 Rc8 24. Qb3 Qc6 25. Qg3 Qc7
26. Re8+ Kf7 27. Rxc8 Qxc8 28. Qf3+ Ke8 29. Qh5+ Kf8 30. Qf3+ Ke7 31. Qe3+
Kf6 32. Qd4+ Kg6 33. Qxd5 Qc1+ 34. Kh2 Qxb2 35. Qe6+ Qf6 36. Qe4+ Kh6 37.
Qe3+ g5 38. Qxa7 b6 39. Kg1 Qa1+ 40. Kh2 Qe5+ 41. g3 Qf6 42. Kg1 Qa1+ 43.
Kg2 Qf6 44. Qb7 Kg6 45. a4 h6 46. Qe4+ Kg7 47. Qd5 Kh7 48. a5 bxa5 49. Qxa5
Qc6+ 50. Kh2 Qf6 51. Qa7+ Kg6 52. Qe3 Kg7 53. Kg2 Qc6+ 54. Qf3 Qg6 55. Qc3+
Kg8 56. Qc8+ Kg7 57. Qd7+ Kg8 58. Qd8+ Kg7 59. Qe7+ Kg8 60. Qd8+
{Game drawn by mutual agreement}
1/2-1/2

[Event "ICC tourney 1934 (60 10)"]
[Site "Internet Chess Club"]
[Date "2020.07.26"]
[Round "6"]
[White "HAPPYKING99"]
[Black "CoastalJourney"]
[Result "1/2-1/2"]
[ICCResult "Game drawn by repetition"]
[WhiteElo "1267"]
[BlackElo "1316"]
[Opening "Scandinavian: Marshall variation"]
[ECO "B01"]
[NIC "SD.03"]
[Time "14:02:54"]
[TimeControl "3600+10"]

1. e4 d5 2. exd5 Nf6 3. d4 Nxd5 4. Nf3 Bg4 5. Be2 e6 6. a3 Be7 7. h3 Bh5 8.
O-O O-O 9. Re1 Nc6 10. Nbd2 Re8 11. Nf1 Bf6 12. c3 Bg6 13. Ne3 Qd7 14. Ng4
Rad8 15. Be3 Be7 16. Nge5 Nxe5 17. Nxe5 Qc8 18. Qd2 Bd6 19. Nxg6 hxg6 20. c4
Nxe3 21. fxe3 c5 22. Rad1 Qc7 23. Qc3 Qb6 24. Kh1 Bb8 25. Bf3 Qc7 26. Kg1
Qh2+ 27. Kf1 Bg3 28. dxc5 Bxe1 29. Rxe1 Qc7 30. b4 e5 31. Bd5 Rb8 32. e4 a5
33. Re2 axb4 34. axb4 Ra8 35. Rf2 Re7 36. Kg1 Rb8 37. Qg3 Kh7 38. Qh4+ Kg8
39. Qg3 Kh7 40. Qh4+ Kg8 41. Qg3 Kh7 42. Qh4+ Kg8 {Game drawn by repetition}
1/2-1/2

[Event "ICC tourney 1934 (60 10)"]
[Site "Internet Chess Club"]
[Date "2020.07.26"]
[Round "6"]
[White "Ajitesh20091"]
[Black "MysteryHunter"]
[Result "1/2-1/2"]
[ICCResult "Game drawn by the 50 move rule"]
[WhiteElo "1457"]
[BlackElo "1569"]
[Opening "Sicilian: Canal-Sokolsky attack, 3...Bd7"]
[ECO "B52"]
[NIC "SI.01"]
[Time "14:03:08"]
[TimeControl "3600+10"]

1. e4 c5 2. Nf3 d6 3. Bb5+ Bd7 4. Bxd7+ Qxd7 5. O-O Nf6 6. Re1 Nc6 7. c3 e6
8. d4 cxd4 9. cxd4 d5 10. e5 Ne4 11. Nbd2 Nxd2 12. Bxd2 Be7 13. Rc1 O-O 14.
a3 Rac8 15. b4 a6 16. Bg5 Bxg5 17. Nxg5 h6 18. Nf3 Qe7 19. Qd2 Rc7 20. Rc5
Rfc8 21. Rec1 Qd7 22. R1c2 Ne7 23. Qc1 Rxc5 24. bxc5 Qa4 25. Rc3 Nc6 26. Qd2
Na5 27. Ne1 Nc4 28. Qc2 Qxc2 29. Nxc2 Rc7 30. Nb4 Kf8 31. Kf1 Ke7 32. Ke2
Ke8 33. f4 g6 34. g4 Kf8 35. f5 Kg7 36. f6+ Kh7 37. a4 Kg8 38. h4 Kh7 39.
Nd3 Kg8 40. Nf4 Kh7 41. Rb3 Kg8 42. g5 h5 43. Rb4 Kf8 44. Rb3 Kg8 45. Nd3
Kf8 46. c6 Na5 47. cxb7 Rxb7 48. Rxb7 Nxb7 49. Nb4 a5 50. Nc6 Ke8 51. Kd3
Kd7 52. Na7 Kd8 53. Kc3 Kd7 54. Kb3 Kd8 55. Kc3 Kd7 56. Nb5 Kc6 57. Na3 Kd7
58. Nc2 Kc6 59. Ne3 Kd7 60. Ng2 Kd8 61. Nf4 Ke8 62. Nd3 Kd7 63. Nc1 Kc7 64.
Ne2 Kd7 65. Ng3 Ke8 66. Kb3 Kd7 67. Kc3 Ke8 68. Ne2 Kd7 69. Nc1 Kc7 70. Nd3
Kd7 71. Nf4 Ke8 72. Kd3 Kd7 73. Ke3 Ke8 74. Ne2 Kd7 75. Kf4 Ke8 76. Ng3 Kf8
77. Ne2 Ke8 78. Nc1 Kd8 79. Nd3 Kd7 80. Ke3 Kc7 81. Kd2 Kd7 82. Kc3 Kc7 83.
Kb3 Kd7 84. Nf4 Ke8 85. Ne2 Kd7 86. Nc3 Ke8 87. Nb5 Kd7 88. Na7 Kd8 89. Nc6+
Kd7 90. Ne7 Ke8 91. Ng8 Kf8 92. Ne7 Ke8 93. Nc6 Kd7 94. Ne7 Ke8 95. Kc3 Kd7
96. Kd3 Nd8 97. Kc3 Nc6 98. Kd3 Nxe7 99. fxe7 Kxe7 100. Ke3 Kd7 101. Kf4 Ke7
102. Ke3 Kd7 103. Kd3 Kc6 104. Kc3 Kb6 105. Kd3 Kc6 106. Ke3 Kd7 107. Kf4
Ke7 108. Ke3 Kd7 109. Kf3 Ke7 110. Kg2 Kd7 111. Kh2 Kc6 112. Kh3 Kb6 113.
Kg3 Kc6 114. Kf4 Kd7 115. Ke3 Kc6 116. Kd3 Kb6 117. Kc2 Kc6 118. Kb3 Kb6
119. Kc3 Kc6 120. Kd3 Kb6 121. Ke3 Kc6 122. Kf4 Kd7 123. Ke3 Kc6 124. Kf4
Kd7 125. Kg3 Ke7 126. Kh2 Kd7 127. Kh1 Ke7 128. Kg2 Kd7 129. Kf1 Kc6 130.
Ke1 Kb6 131. Kd1 Kc6 132. Kc1 Kb6 133. Kb1 Kc6 134. Ka1 Kb6 135. Kb1 Kc6
136. Kc1 Kb6 137. Kd1 Kc6 138. Ke1 Kb6 139. Kf1 Kc6 140. Kg1 Kb6 141. Kh1
Kc6 142. Kh2 Kb6 143. Kg2 Kc6 144. Kf2 Kb6 145. Ke2 Kc6 146. Kd2 Kb6 147.
Kc2 Kc6 148. Kb2 Kb6 149. Ka3 Kc6 150. Kb3 Kb6 151. Kc3 Kc6 152. Kd3 Kb6
153. Ke3 Kc6 154. Kf3 Kd7 155. Kg3 Kc6 156. Kh3 Kb6 157. Kg3 Kc6 158. Kf4
Kb6 159. Ke3 Kc6 160. Kd3 Kb6 161. Kc3 Kc6 162. Kb3 Kb6 163. Kc2 Kc6 164.
Kd3 Kb6 165. Ke2 Kc6 166. Kf3 Kb6 167. Kf4 Kc6 168. Kg3 Kb6 169. Kh3 Kc6
170. Kg2 Kd7 171. Kf3 Ke7 172. Ke3 Kd7 173. Kf3 Kc6 174. Kf4 Kd7 175. Kg3
Kc6 176. Kh2 Kd7 177. Kh1 Kc6 178. Kg1 {Game drawn by the 50 move rule}
1/2-1/2

[Event "ICC tourney 1934 (60 10)"]
[Site "Internet Chess Club"]
[Date "2020.07.26"]
[Round "6"]
[White "Eagle2020"]
[Black "gmcarebear999"]
[Result "1/2-1/2"]
[ICCResult "Game drawn by mutual agreement"]
[WhiteElo "1488"]
[BlackElo "1387"]
[Opening "Sicilian: Alapin's variation (2.c3)"]
[ECO "B22"]
[NIC "SI.47"]
[Time "14:03:25"]
[TimeControl "3600+10"]

1. e4 c5 2. c3 Nf6 3. e5 Nd5 4. d4 cxd4 5. Nf3 d6 6. cxd4 Nc6 7. Nc3 e6 8.
Bb5 Bd7 9. Nxd5 exd5 10. Qb3 dxe5 11. dxe5 Bb4+ 12. Bd2 Bxd2+ 13. Nxd2 Nd4
14. Bxd7+ Qxd7 15. Qd1 Rc8 16. O-O O-O 17. Nf3 Nxf3+ 18. Qxf3 Rc2 19. Rfd1
Rd8 20. Rac1 Rxb2 21. Qxd5 Qxd5 22. Rxd5 Re8 23. Rd7 g6 24. f4 Rxa2 25. Rxb7
Rd8 26. e6 Rf8 27. Rcc7 a5 28. Rxf7 Rxf7 29. Rxf7 Re2 30. Ra7 Rxe6 31. Rxa5
Kf7 32. Kf2 Kf6 33. g4 Rb6 34. Ra7 Rb2+ 35. Kg3 Rb3+ 36. Kh4 Rb2 37. h3 Rb4
38. Rxh7 Rxf4 39. Kg3 Ra4 40. Kf3 Ra3+ 41. Ke4 Ra4+ 42. Kd3 Ra3+ 43. Kc4 Kg5
44. Kd4 Ra4+ 45. Ke3 Ra3+ {Game drawn by mutual agreement} 1/2-1/2

[Event "ICC tourney 1934 (60 10)"]
[Site "Internet Chess Club"]
[Date "2020.07.26"]
[Round "6"]
[White "saisneha"]
[Black "lmperfectFocus"]
[Result "1-0"]
[ICCResult "Black resigns"]
[WhiteElo "1598"]
[BlackElo "1514"]
[Opening "QGD: Tarrasch, Prague variation"]
[ECO "D33"]
[NIC "TD.09"]
[Time "14:03:41"]
[TimeControl "3600+10"]

1. d4 d5 2. c4 e6 3. Nc3 c5 4. cxd5 exd5 5. Nf3 Nc6 6. g3 Nf6 7. Bg2 Bf5 8.
Bg5 cxd4 9. Nxd4 Nxd4 10. Qxd4 Be7 11. O-O Be6 12. Bxf6 Bxf6 13. Qa4+ Bd7
14. Qb3 Bxc3 15. Qxc3 O-O 16. Bxd5 Rc8 17. Qb3 Bh3 18. Rfd1 Qe7 19. Qf3 Rc2
20. Rab1 Rxe2 21. g4 Bxg4 22. Qxg4 Re5 23. Bg2 Rg5 24. Qf3 Qe5 25. Rd5 Qe7
26. Rxg5 Qxg5 27. Rd1 Qb5 28. Qxb7 Qa4 29. Qb3 Qg4 30. Qf3 Qa4 31. a3 Qc2
32. b3 f5 33. Qd5+ Kh8 34. Qd8 Rg8 35. Qd3 Qa2 36. a4 f4 37. Bd5 Rd8 38. Qc4
Qb2 39. Bf3 Rf8 40. Qf7 Qa3 41. Qc4 Qe7 42. b4 Qg5+ 43. Kh1 Qh4 44. Qc5 Re8
45. Qxa7 Qh3 46. Bc6 f3 47. Rg1 Rg8 48. Bd5 g5 49. Bxg8 Kxg8 50. Rxg5+ Kf8
51. Qg7+ Ke8 52. Re5+ Kd8 53. Qe7+ Kc8 54. Rc5+ Kb8 55. Qc7+ {Black resigns}
1-0

[Event "ICC tourney 1934 (60 10)"]
[Site "Internet Chess Club"]
[Date "2020.07.26"]
[Round "6"]
[White "sillytiger"]
[Black "msk2018"]
[Result "0-1"]
[ICCResult "White resigns"]
[WhiteElo "1242"]
[BlackElo "1405"]
[Opening "English opening"]
[ECO "A10"]
[NIC "EO.64"]
[Time "14:03:02"]
[TimeControl "3600+10"]

1. c4 f6 2. Nc3 e5 3. g3 c6 4. Bg2 Bc5 5. Nf3 Ne7 6. O-O O-O 7. d3 d6 8. Bd2
d5 9. cxd5 cxd5 10. Rb1 Nbc6 11. a3 a5 12. Qb3 Be6 13. Qxb7 Rb8 14. Qa6 Rb6
15. Na4 Rxa6 16. Nxc5 Qc8 17. Nxa6 Qxa6 18. b4 axb4 19. axb4 Rb8 20. Rb2 e4
21. Ne1 Qa4 22. dxe4 dxe4 23. Bxe4 Nxb4 24. Nd3 Nec6 25. Rfb1 Ba2 26. Bxc6
Qxc6 27. Nxb4 Bxb1 28. Nxc6 Rxb2 29. Be3 Rxe2 30. Nd4 Rb2 31. Kg2 Be4+ 32.
Kh3 Kf7 33. Kg4 g6 34. Kf4 Bd5 35. h4 Rb7 36. Kg4 h5+ 37. Kh3 Rb1 38. f3 Ra1
39. Nc2 Rf1 40. Nd4 Bxf3 41. Nxf3 Rxf3 42. Bb6 Rb3 43. Bf2 Ke6 44. Kg2 Kf5
45. Kh3 g5 46. Kh2 gxh4 47. gxh4 Kg4 48. Kg2 Rb2 49. Kg1 f5 50. Be1 f4 51.
Kh1 Rb1 52. Kg2 {White resigns} 0-1

[Event "ICC tourney 1934 (60 10)"]
[Site "Internet Chess Club"]
[Date "2020.07.26"]
[Round "6"]
[White "JunlinTheWorld"]
[Black "whyyoutrysohard"]
[Result "1/2-1/2"]
[ICCResult "Game drawn because neither player has mating material"]
[WhiteElo "1633"]
[BlackElo "1346"]
[Opening "Sicilian: dragon, Yugoslav attack, Rauser variation"]
[ECO "B76"]
[NIC "SI.17"]
[Time "14:03:12"]
[TimeControl "3600+10"]

1. e4 c5 2. Nf3 d6 3. d4 cxd4 4. Nxd4 Nf6 5. Nc3 g6 6. Be3 Bg7 7. f3 O-O 8.
Qd2 Nc6 9. O-O-O d5 10. Kb1 Nxd4 11. Bxd4 dxe4 12. fxe4 Qc7 13. Be2 e5 14.
Be3 a6 15. Bh6 Be6 16. Bxg7 Kxg7 17. h4 Rfd8 18. Qe3 h5 19. Bf3 Rac8 20. Qe2
b5 21. Nd5 Nxd5 22. exd5 Bf5 23. Be4 Qc4 24. Bd3 Bxd3 25. Qxe5+ Kg8 26. cxd3
Qxd5 27. Qe2 Qd4 28. Qf3 Rc7 29. g3 Rd6 30. Rhf1 Kg7 31. a3 b4 32. Qf4 bxa3
33. Qxd4+ Rxd4 34. bxa3 Rc3 35. Rde1 Rdxd3 36. Re7 Rf3 37. Rxf3 Rxf3 38. Kb2
Rxg3 39. Re1 Rd3 40. Rf1 Rd4 41. Rh1 f6 42. Kc3 Re4 43. Kb3 Kh6 44. a4 g5
45. hxg5+ fxg5 46. Rd1 Re6 47. Kc4 g4 48. Kd5 Rg6 49. Ke4 Kg5 50. a5 Re6+
51. Kd5 Rf6 52. Ke4 Rf5 53. Ra1 Rb5 54. Ke3 h4 55. Kf2 h3 56. Kg3 Rb3+ 57.
Kh2 Kh4 58. Ra4 Kg5 59. Ra2 Rf3 60. Ra1 Kh4 61. Ra4 Rf2+ 62. Kg1 Kg3 63.
Rxg4+ Kxg4 64. Kxf2 Kf4 65. Kg1 Kg3 66. Kh1 Kf4 67. Kh2 Ke4 68. Kxh3 Kd5 69.
Kg3 Kc5 70. Kf3 Kb5 71. Ke3 Kxa5 72. Kd2 Kb4 73. Kc1 Ka3 74. Kb1 Kb3 75. Ka1
a5 76. Kb1 a4 77. Ka1 Ka3 78. Kb1 Kb3 79. Ka1 Kc2 80. Ka2 Kc3 81. Ka3 Kc4
82. Kxa4 {Game drawn because neither player has mating material} 1/2-1/2

[Event "ICC tourney 1934 (60 10)"]
[Site "Internet Chess Club"]
[Date "2020.07.26"]
[Round "6"]
[White "Zues9393"]
[Black "fascimate"]
[Result "1-0"]
[ICCResult "Black checkmated"]
[WhiteElo "1699"]
[BlackElo "1493"]
[Opening "Sicilian, Chekhover variation"]
[ECO "B53"]
[NIC "SI.02"]
[Time "14:02:59"]
[TimeControl "3600+10"]

1. e4 c5 2. Nf3 d6 3. d4 cxd4 4. Qxd4 Nc6 5. Bb5 e5 6. Qd3 a6 7. Bxc6+ bxc6
8. c4 h6 9. O-O Nf6 10. h3 Be7 11. c5 Qc7 12. cxd6 Bxd6 13. Rd1 Be7 14. Be3
O-O 15. Nbd2 Rd8 16. Qc3 Rb8 17. Qxe5 Bd6 18. Qc3 Re8 19. Rac1 Bd7 20. Bxh6
Bb4 21. Qd4 Ba5 22. Bxg7 Kxg7 23. e5 Nd5 24. e6+ f6 25. Qg4+ Kf8 26. exd7
Re7 27. Nd4 Bxd2 28. Rxd2 Qxd7 29. Nxc6 Qxg4 30. hxg4 Rc8 31. Rxd5 Rec7 32.
Rdc5 Ke8 33. b4 Rh7 34. Nd4 Rd8 35. Rc8 Rd7 36. Ne6 Rxc8 37. Rxc8+ Ke7 38.
Rc7 Kxe6 39. Rxd7 Kxd7 40. a4 Kc6 41. f4 Kd5 42. g5 fxg5 43. fxg5 Kc4 44. b5
axb5 45. axb5 Kxb5 46. g6 Kc5 47. g7 Kd5 48. g8=Q+ Ke5 49. Qf7 Kd6 50. Kf2
Kc5 51. Qd7 Kc4 52. Ke3 Kc5 53. Ke4 Kb6 54. Qc8 Kb5 55. Kd4 Kb6 56. Kd5 Ka5
57. Qb8 Ka6 58. Kc5 Ka5 59. Qa8# {Black checkmated} 1-0

[Event "ICC tourney 1934 (60 10)"]
[Site "Internet Chess Club"]
[Date "2020.07.26"]
[Round "6"]
[White "EthanPowers"]
[Black "geowhiz27"]
[Result "0-1"]
[ICCResult "White resigns"]
[WhiteElo "1319"]
[BlackElo "1210"]
[Opening "French: exchange variation"]
[ECO "C01"]
[NIC "FR.01"]
[Time "14:02:58"]
[TimeControl "3600+10"]

1. e4 e6 2. d4 d5 3. exd5 exd5 4. Nf3 Nc6 5. Bd3 Nb4 6. Be2 Bd6 7. c3 Nc6 8.
O-O Bg4 9. Re1 Nge7 10. Bg5 Qd7 11. Nbd2 f6 12. Bh4 g5 13. Bg3 h5 14. Bxd6
Qxd6 15. h3 Bf5 16. Nh2 g4 17. h4 g3 18. fxg3 Qxg3 19. Bxh5+ Kd7 20. Bg4
Rxh4 21. Bxf5+ Nxf5 22. Ndf3 Rf4 23. Qe2 Rg8 24. Qe6+ Kd8 25. Re2 Nce7 26.
Qxf6 Ne3 27. Qe5 Rxf3 28. Qxg3 Rfxg3 29. Rae1 Rxg2+ {White resigns} 0-1

[Event "ICC tourney 1934 (60 10)"]
[Site "Internet Chess Club"]
[Date "2020.07.26"]
[Round "6"]
[White "Almanac2050"]
[Black "yogokings12"]
[Result "0-1"]
[ICCResult "White resigns"]
[WhiteElo "1593"]
[BlackElo "1522"]
[Opening "Sicilian: dragon, Yugoslav attack, 9...Bd7"]
[ECO "B77"]
[NIC "SI.18"]
[Time "14:03:10"]
[TimeControl "3600+10"]

1. e4 c5 2. Nf3 d6 3. d4 cxd4 4. Nxd4 Nf6 5. Nc3 g6 6. f3 Bg7 7. Be3 O-O 8.
Qd2 Nc6 9. Bc4 Bd7 10. Bb3 Rc8 11. O-O-O Ne5 12. g4 b5 13. h4 b4 14. Nce2 a5
15. g5 Nh5 16. f4 Ng4 17. f5 Nxe3 18. Qxe3 a4 19. Bd5 Kh8 20. Ng3 Nxg3 21.
Qxg3 Qc7 22. Qf2 Be5 23. h5 gxf5 24. exf5 Qc5 25. Be4 b3 26. axb3 axb3 27.
c3 Qa7 28. Bb1 Qa1 29. Qd2 Rxc3+ 30. bxc3 Bf4 31. Qxf4 Qxc3+ 32. Bc2 b2+ 33.
Kb1 Ra8 {White resigns} 0-1

[Event "ICC tourney 1934 (60 10)"]
[Site "Internet Chess Club"]
[Date "2020.07.26"]
[Round "6"]
[White "mydogeatschess"]
[Black "rpughiii"]
[Result "1-0"]
[ICCResult "Black resigns"]
[WhiteElo "1501"]
[BlackElo "1322"]
[Opening "Pirc defense"]
[ECO "B07"]
[NIC "PU.08"]
[Time "14:03:32"]
[TimeControl "3600+10"]

1. e4 d6 2. d4 Nf6 3. Nc3 Nbd7 4. Be3 e5 5. h3 Be7 6. Bc4 O-O 7. Qd2 c6 8.
a4 Re8 9. Nge2 Nf8 10. O-O Ng6 11. f4 exf4 12. Nxf4 Nxf4 13. Bxf4 d5 14.
exd5 Nxd5 15. Nxd5 cxd5 16. Bd3 Be6 17. c3 Bd6 18. Rae1 Qc7 19. Bxd6 Qxd6
20. Re5 Bd7 21. Qf4 Be6 22. Bxh7+ Kf8 23. Bg6 Re7 24. Rh5 {Black resigns}
1-0

[Event "ICC tourney 1934 (60 10)"]
[Site "Internet Chess Club"]
[Date "2020.07.26"]
[Round "6"]
[White "DankMemer"]
[Black "chessisthebest1"]
[Result "1-0"]
[ICCResult "Black checkmated"]
[WhiteElo "1581"]
[BlackElo "1495"]
[Opening "Mujannah opening"]
[ECO "A03"]
[NIC "VO.07"]
[Time "14:02:52"]
[TimeControl "3600+10"]

1. f4 d5 2. c4 e6 3. Nf3 Nf6 4. Nc3 c5 5. d3 Nc6 6. cxd5 exd5 7. e4 dxe4 8.
dxe4 Qxd1+ 9. Kxd1 Be7 10. Be2 O-O 11. a3 Rd8+ 12. Bd2 Nd4 13. Re1 Nxe2 14.
Rxe2 Be6 15. Re1 a6 16. Kc2 b5 17. Rad1 b4 18. Nb1 a5 19. f5 Bc4 20. Bg5 h6
21. Bxf6 Bxf6 22. b3 Ba6 23. a4 c4 24. Rxd8+ Rxd8 25. e5 Be7 26. Nbd2 cxb3+
27. Nxb3 Bd3+ 28. Kb2 Rd5 29. Nfd4 Bc5 30. Nc6 Bf8 31. e6 fxe6 32. fxe6 Bg6
33. e7 Be8 34. exf8=Q+ Kxf8 35. Rf1+ Bf7 36. Nbd4 Rd6 37. Nd8 Rf6 38. Rxf6
gxf6 39. Nxf7 Kxf7 40. Nc6 f5 41. Nxa5 f4 42. Nc6 h5 43. Nxb4 h4 44. Nd3 h3
45. Nxf4 hxg2 46. Nxg2 Ke6 47. a5 Kd5 48. a6 Kc6 49. h4 Kb6 50. h5 Kxa6 51.
h6 Kb7 52. h7 Kc6 53. h8=Q Kc5 54. Qh4 Kd6 55. Qg5 Kc6 56. Qe5 Kd7 57. Qf6
Kc7 58. Qe6 Kb7 59. Qd6 Kc8 60. Qe7 Kb8 61. Qd7 Ka8 62. Kb3 Kb8 63. Kb4 Ka8
64. Kb5 Kb8 65. Kb6 Ka8 66. Nf4 Kb8 67. Ne6 Ka8 68. Nc7+ Kb8 69. Qd8#
{Black checkmated}
1-0

[Event "ICC tourney 1934 (60 10)"]
[Site "Internet Chess Club"]
[Date "2020.07.26"]
[Round "6"]
[White "sushivishwa"]
[Black "Niteshc"]
[Result "0-1"]
[ICCResult "White resigns"]
[WhiteElo "1418"]
[BlackElo "1413"]
[Opening "Caro-Kann: advance variation"]
[ECO "B12"]
[NIC "CK.02"]
[Time "14:02:58"]
[TimeControl "3600+10"]

1. e4 c6 2. d4 d5 3. e5 c5 4. dxc5 e6 5. Be3 Nd7 6. Bb5 a6 7. Ba4 Qa5+ 8. c3
Qc7 9. Qd4 Ne7 10. b4 Nf5 11. Qf4 Nxe3 12. Qxe3 Be7 13. f4 O-O 14. Nf3 f6
15. O-O b5 16. Bc2 Bb7 17. Nd4 Rf7 18. Nxe6 Qb8 19. Qh3 g6 20. exf6 Rxf6 21.
Ng5 Nf8 22. g3 Bc8 23. Qg2 Bb7 24. Bb3 Kh8 25. Qf2 Ne6 26. Nxe6 Rxe6 27.
Bxd5 Bxd5 28. Qd4+ Bf6 29. Qxd5 Qe8 30. a4 Rd8 31. Qf3 Re3 32. Qf2 Re2 33.
Qf3 Re3 34. Qb7 Rd7 35. Qxa6 Re6 36. Qxb5 Re2 37. Qc6 Qe3+ 38. Kh1 Rf2 39.
Qxf6+ Kg8 40. Rxf2 Qxf2 41. Qe6+ Kf8 42. Na3 Rd2 43. Qd6+ Rxd6 44. cxd6 Qf3+
45. Kg1 Qe3+ 46. Kg2 Qe2+ 47. Kg1 Qe3+ 48. Kf1 Qd3+ 49. Kf2 Qd2+ 50. Kf3
Qxc3+ 51. Kg4 Qxa1 52. Nb5 Qxa4 53. Nc7 Qd7+ 54. Kf3 Qxd6 {White resigns}
0-1

[Event "ICC tourney 1934 (60 10)"]
[Site "Internet Chess Club"]
[Date "2020.07.26"]
[Round "6"]
[White "TeeKay2020"]
[Black "siddhu25"]
[Result "1/2-1/2"]
[ICCResult "Game drawn by mutual agreement"]
[WhiteElo "1464"]
[BlackElo "1487"]
[Opening "Caro-Kann: exchange variation"]
[ECO "B13"]
[NIC "CK.02"]
[Time "14:03:02"]
[TimeControl "3600+10"]

1. e4 c6 2. d4 d5 3. exd5 cxd5 4. Bd3 Nc6 5. c3 Qc7 6. Ne2 Bg4 7. f3 Bd7 8.
Bf4 e5 9. dxe5 Nxe5 10. Bxe5 Qxe5 11. O-O Bc5+ 12. Kh1 Nf6 13. Nd2 O-O 14.
Ng3 Rfe8 15. Re1 Qg5 16. Rxe8+ Rxe8 17. Ndf1 h5 18. Qd2 Qe5 19. Ne2 h4 20.
Nd4 h3 21. g3 Kf8 22. Nc2 Bg4 23. fxg4 Ne4 24. Re1 Nf2+ 25. Qxf2 Bxf2 26.
Rxe5 Rxe5 27. Nd2 Rg5 28. Nf3 Rxg4 29. Ng1 Bxg1 30. Kxg1 Ke7 31. Bf5 Ra4 32.
a3 Ra6 33. Bxh3 Rb6 34. Nb4 Kd6 35. Bg2 a5 36. Nd3 Rc6 37. Kf2 b5 38. Ke3 g5
39. h4 gxh4 40. gxh4 Rc4 41. Nf4 b4 42. axb4 axb4 43. Bxd5 Rc8 44. Bxf7 bxc3
45. bxc3 Rxc3+ 46. Ke4 Rc7 47. Bg6 Ra7 48. h5 Ke7 49. Kf5 Ra5+ 50. Kg4 Kf6
51. Bh7 Kg7 52. Bf5 Ra4 {Game drawn by mutual agreement} 1/2-1/2